 Dungeon Crawl Stone Soup version 0.19-a0-975-gfff5315 (webtiles) character file.

324139 mrath the Bludgeoner (level 20, -21/184 HPs)
             Began as a Minotaur Fighter on July 12, 2016.
             Was an Elder of Okawaru.
             Blown up by Boris (68 damage)
             ... with a wavering orb of destruction
             ... on level 4 of the Vaults on July 13, 2016.
             The game lasted 05:54:33 (54338 turns).

mrath the Bludgeoner (Minotaur Fighter)            Turns: 54338, Time: 05:54:34

Health: -21/184    AC: 38    Str: 30    XL:     20   Next: 70%
Magic:  31/31      EV: 21    Int:  7    God:    Okawaru [****..]
Gold:   873        SH: 23    Dex: 13    Spells: 0 memorised, 19 levels left

rFire  + + .     SeeInvis +     a - +8 mace "Giantslayer" {flame, Str+3}
rCold  + + .     Gourm    .     v - +9 plate armour "Itasor" {*Contam rPois Str-3 SInv}
rNeg   + + +     Faith    .     T - +2 shield of Resistance {rF+ rC+ MR+}
rPois  +         Spirit   .     w - -2 hat of the Alchemist {rElec rPois rF+ rC+ rN+ MR+ rMut rCorr}
rElec  +         Dismiss  .     N - +2 cloak of Suvapiuf {rElec rN++ Int+2}
rCorr  +         Reflect  +     Q - +2 pair of gloves {Str+3}
rMut   +         Harm     .     j - +1 pair of boots {Fly}
SustAt .                        M - +5 amulet of reflection
MR     +++..                    c - +3 ring of protection
Stlth  ..........               f - +4 ring of evasion

@: lethally poisoned (-21 -> -22), flying, extremely resistant to hostile
enchantments, extremely unstealthy
A: retaliatory headbutt, horns 2, high mp 1
a: Heroism, Renounce Religion, Stop Flying
}: 2/15 runes: decaying, gossamer


You were on level 4 of the Vaults.
You worshipped Okawaru.
Okawaru was greatly pleased with you.
You were not hungry.

You visited 8 branches of the dungeon, and saw 38 of its levels.
You visited the Abyss 1 time.
You also visited: Labyrinth and Volcano.

You collected 3699 gold pieces.
You spent 2826 gold pieces at shops.

Inventory:

Hand Weapons
 a - the +8 mace "Giantslayer" (weapon) {flame, Str+3}
   (You bought it in a shop on level 1 of the Orcish Mines)

   It has been specially enchanted to burn those struck by it, causing extra
   injury to most foes and up to half again as much damage against particularly
   susceptible opponents.
   It affects your strength (+3).
 C - the +5 mace "Viptat" {freeze, +Rage rPois Str+4 Dex+2}
   (You bought it in a shop on level 2 of the Orcish Mines)

   It has been specially enchanted to freeze those struck by it, causing extra
   injury to most foes and up to half again as much damage against particularly
   susceptible opponents.
   It can also slow down cold-blooded creatures.
   It affects your strength (+4).
   It affects your dexterity (+2).
   It protects you from poison.
   It lets you go berserk.
Missiles
 m - 2 poisoned javelins (quivered)
 P - 15 javelins of returning
Armour
 g - a +2 hat
 j - a +1 pair of boots of flying (worn)
 u - a +2 pair of boots of stealth
 v - the +9 plate armour "Itasor" (worn) {*Contam rPois Str-3 SInv}
   (You found it on level 4 of the Lair of Beasts)

   It affects your strength (-3).
   It protects you from poison.
   It lets you see invisible.
   It causes magical contamination when unequipped.
 w - the -2 hat of the Alchemist (worn) {rElec rPois rF+ rC+ rN+ MR+ rMut rCorr}
   (You found it on level 3 of the Vaults)

   It protects you from fire.
   It protects you from cold.
   It insulates you from electricity.
   It protects you from poison.
   It protects you from negative energy.
   It affects your resistance to hostile enchantments.
   It protects you from acid and corrosion.
   It protects you from mutation.
 N - the +2 cloak of Suvapiuf (worn) {rElec rN++ Int+2}
   (Okawaru gifted it to you on level 4 of the Lair of Beasts)

   It affects your intelligence (+2).
   It insulates you from electricity.
   It greatly protects you from negative energy.
 Q - a +2 pair of gloves of strength (worn)
 T - the +2 shield of Resistance (worn) {rF+ rC+ MR+}
   (You bought it in a shop on level 1 of the Vaults)

   It protects you from fire.
   It protects you from cold.
   It affects your resistance to hostile enchantments.
Rods
 i - a +6 rod of ignition (10/10)
   (You found it on level 3 of the Vaults)
 q - a +0 lightning rod (13/13)
   (You found it on level 9 of the Dungeon)
Jewellery
 b - an uncursed ring of protection from magic
 c - a +3 ring of protection (right hand)
 f - a +4 ring of evasion (left hand)
 z - an uncursed ring of sustain attributes
 M - a +5 amulet of reflection (around neck)
Wands
 y - a wand of iceblast (8/15)
 H - a wand of digging (11/24)
 V - a wand of hasting (9/9)
 W - a wand of lightning (9/15)
 X - a wand of disintegration (12/24)
 Y - a wand of iceblast (2/15)
Scrolls
 e - 25 scrolls of remove curse
 n - 4 scrolls of blinking
 t - 9 scrolls of identify
 G - 11 scrolls of teleportation
 I - a scroll of fog
 K - 4 scrolls of magic mapping
 U - a scroll of summoning
Potions
 d - 3 potions of flight
 l - 2 potions of resistance
 o - a potion of cure mutation
 p - 17 potions of curing
 r - a potion of haste
 D - 3 potions of heal wounds
 E - 3 potions of cancellation
 F - 2 potions of agility
 O - 2 potions of berserk rage
Miscellaneous
 R - a lamp of fire
Comestibles
 h - 14 chunks of flesh
 k - 7 beef jerkies
 L - 5 fruits


   Skills:
 + Level 17.3 Fighting
 + Level 18.3 Maces & Flails
 + Level 11.1 Throwing
 + Level 17.0 Armour
 + Level 15.7 Dodging
 + Level 17.1 Shields
 - Level 8.9 Invocations
 + Level 12.9 Evocations


You had 19 spell levels left.
You didn't know any spells.

Dungeon Overview and Level Annotations

Branches:
Dungeon (15/15)            Temple (1/1) D:6            Lair (6/6) D:8
  Swamp (4/4) Lair:2       Spider (4/4) Lair:2        Slime (0/5) Lair:6
    Orc (2/2) D:9             Elf (2/3) Orc:2        Vaults (4/5) D:13
  Crypt (0/3) Vaults:2     Depths (0/5) D:15

Altars:
Ashenzari
Cheibriados
Dithmenos
Fedhas
Gozag
Makhleb
Nemelex Xobeh
Okawaru
Pakellas
Ru
Sif Muna
Trog
Uskayaw
Vehumet
Xom
Yredelemnul
The Shining One
Jiyva

Shops:
D:10 =   D:12 *   D:14 [   Orc:1 *   Orc:2 [*?*(   Vaults:1 *   Vaults:3 [

Portals:
Trove: D:11 (give 15 scrolls of teleportation)

Annotations:
D:3 1 runed door
Lair:5 exclusion: 4 oklob plants
Elf:1 exclusion: Roxanne, Roxanne
Elf:2 5 runed doors
Vaults:4 Boris


Innate Abilities, Weirdness & Mutations

You reflexively headbutt those who attack you in melee.
You have a pair of horns on your head.
You have an increased reservoir of magic. (+10% MP)


Message History

You closely miss the vault warden. Your headbutt misses the vault warden.
The vault warden is heavily wounded.
The runic seals fade away.
You feel sick.
You feel sick. The vault warden completely misses you.
Boris hits you but does no damage. Boris touches you but does no damage.
The stone giant throws a large rock.
The large rock hits Boris!!
The vault warden activates a sealing rune.
There is an open door, spattered with blood here.
Boris conjures a glowing orb.
The vault warden hits you but does no damage.
An orb of destruction comes into view.
You sock the vault warden! You burn the vault warden!
Your headbutt misses the vault warden.
The vault warden is severely wounded.
You feel sick.
You closely miss the vault warden.
You headbutt the vault warden, but do no damage.
The vault warden is severely wounded.
The wavering orb of destruction hits you!
You die... ......# .... ......# #... ......# #... ).....# #''O )....)# #OpO

#####'##### ##OpC##
##))...###.OcLp#
##.......######§###############
#.#.....#.#...@p...............
#..#####..#....................
#..#####..#....................
#.#.....#.+....(.÷..((.........
##...<...##....................
#.#.....#.+....................
#..#####..#....................
#..#####..#####################
#.#.....#.#


You could see 2 vault wardens.

Vanquished Creatures
  Mara (Vaults:3)
  Mennas (Vaults:3)
  Saint Roka (Vaults:2)
  Arachne (Spider:2)
  A lich (Vaults:3)
  Rupert (D:12)
  Asterion (Vaults:1)
  The ghost of tstbtto the Warrior, an adept MiFi of Cheibriados (Swamp:4)
  Agnes (Spider:2)
  An Executioner (Abyss:2)
  2 tentacled starspawn (Abyss:2)
  A thorn hunter (Swamp:4)
  A tengu reaver (Vaults:3)
  Frances (D:12)
  A cacodemon (Abyss:2)
  An orc warlord (Orc:2)
  2 ghost moths (Spider:4)
  A revenant (Vaults:2)
  5 emperor scorpions (Spider:4)
  10 vault wardens
  Louise (Elf:1)
  A ghoul (Vaults:2)
  4 stone giants
  5 ironheart preservers
  3 very ugly things (Vaults:2)
  An entropy weaver (shapeshifter) (D:15)
  A green draconian (Abyss:2)
  5 entropy weavers
  Azrael (D:13)
  5 spark wasps
  2 fire dragons
  An ettin (Vaults:1)
  A minotaur (Lab)
  4 great orbs of eyes
  2 jiangshi (Vaults:2)
  Josephine (Spider:1)
  A crystal guardian (Vaults:4)
  4 yaktaur captains
  5 ice dragons
  2 rakshasas (Vaults:2)
  3 catoblepae (Lair:6)
  9 vault guards
  3 ghost crabs
  An ogre mage (Vaults:2)
  22 hydras
  9 centaur warriors
  2 death knights
  2 deep troll shamans (Vaults:2)
  19 death yaks
  12 dancing weapons
  2 alligators
  A queen ant (Spider:1)
  Urug (D:12)
  3 deep troll earth magi (Vaults:2)
  2 tengu warriors
  A thrashing horror (Abyss:2)
  A sun demon (Abyss:2)
  2 wretched stars (Abyss:2)
  10 deep elf knights
  2 shadow wraiths
  3 spriggan druids
  5 deep trolls (Vaults:2)
  3 shambling mangroves
  A spatial maelstrom (Abyss:2)
  An unseen horror (D:12)
  2 giant orange brains
  9 swamp dragons
  14 orc knights
  A phantasmal warrior (Vaults:2)
  8 hill giants
  2 deep elf archers
  10 ironbrand convokers
  5 wizards
  6 harpies
  3 flayed ghosts
  4 orc sorcerers
  4 griffons
  12 orb spiders
  29 wolf spiders
  22 ugly things
  A moth of wrath (Spider:4)
  34 deep elf magi
  5 manticores
  4 hornets
  A sixfirhy (Abyss:2)
  3 cyclopes
  11 elephants
  6 black mambas
  A gargoyle (D:12)
  8 vault sentinels
  An orange demon (Abyss:2)
  Joseph (D:10)
  3 torpor snails
  A black mamba (shapeshifter) (D:14)
  14 spiny frogs
  A yaktaur (shapeshifter) (Vaults:2)
  4 freezing wraiths
  2 tengu conjurers (Vaults:3)
  A kobold demonologist (D:11)
  An ancient zyme (Abyss:2)
  12 yaktaurs
  A redback zombie (D:14)
  10 demonic crawlers
  6 komodo dragons
  A troll (shapeshifter) (Vaults:2)
  39 jumping spiders
  A merfolk (D:11)
  4 trolls
  2 meliai (shapeshifter)
  2 polar bears
  A two-headed ogre (shapeshifter) (D:15)
  2 giant leeches
  4 two-headed ogres
  6 bog bodies
  6 boulder beetles
  2 wind drakes (shapeshifter)
  28 slime creatures
  26 blink frogs
  2 shadows (Swamp:4)
  97 redbacks
  6 spriggans
  2 wyverns
  A spriggan (shapeshifter) (D:15)
  3 ynoxinuls (Abyss:2)
  40 yaks
  37 tarantellas
  A water elemental (D:11)
  10 wraiths
  2 vampires
  16 humans
  3 fire bats (Volcano)
  4 basilisks
  Eustachio (D:5)
  3 golden eyes (shapeshifter)
  2 golden eyes (Abyss:2)
  8 fire elementals
  4 hungry ghosts
  A chaos spawn (Abyss:2)
  Menkaure (D:5)
  2 neqoxecs (Abyss:2)
  12 hippogriffs
  17 vampire mosquitoes
  A steam dragon (D:11)
  28 swamp worms
  4 mottled dragons
  14 insubstantial wisps
  17 wargs
  3 spatial vortices (Abyss:2)
  18 soldier ants
  10 hell hounds
  13 water moccasins
  6 porcupines
  17 swamp drakes
  3 black bears
  55 orc warriors
  6 sky beasts
  12 wasps
  5 large abominations (Abyss:2)
  An eye of draining (D:13)
  2 necrophages
  2 phantoms
  18 ogres
  4 small abominations (Abyss:2)
  8 wolves
  13 centaurs
  8 boggarts
  A crocodile (shapeshifter) (Elf:2)
  2 big kobolds
  12 crocodiles
  Blork the orc (D:6)
  16 giant frogs
  2 wyvern zombies
  3 earth elementals
  5 scorpions
  A scorpion (shapeshifter) (D:15)
  4 killer bees (D:8)
  A water moccasin skeleton (D:11)
  6 electric eels
  6 howler monkeys
  10 lava snakes
  7 crimson imps
  2 giant frog zombies
  A human zombie (D:3)
  2 quasits
  4 centaur zombies
  19 orc wizards
  18 orc priests
  5 centaur skeletons
  3 giant frog skeletons
  5 hounds
  3 iron imps (Abyss:2)
  6 jellies
  10 iguanas
  Terence (D:3)
  A human skeleton (D:3)
  29 worker ants
  21 sheep
  3 worker ant zombies
  9 adders
  3 gnolls (D:4)
  A gnoll (shapeshifter) (Vaults:2)
  2 howler monkey skeletons
  69 river rats
  3 shadow imps
  An ooze (D:2)
  13 worms
  2 dart slugs (D:1)
  3 giant geckos
  119 orcs
  3 ball pythons
  3 giant cockroaches
  9 goblins
  6 hobgoblins
  8 jackals
  2 quokkas
  10 bats
  A giant gecko skeleton (D:4)
  5 giant newts
  A jackal skeleton (D:4)
  15 kobolds
  9 rats
  A fungus (Lair:2)
  A plant (Lair:5)
1644 creatures vanquished.

Vanquished Creatures (collateral kills)
  A fungus (Lair:2)
1 creature vanquished.

Vanquished Creatures (others)
  Nikola (Swamp:2)
  A draconian scorcher (Abyss:2)
  An emperor scorpion (Spider:4)
  An ogre mage (Vaults:4)
  A centaur warrior (D:13)
  A deep elf knight (Elf:1)
  6 deep elf archers
  A deep elf mage (Elf:1)
  A cyclops (D:13)
  A yaktaur (Vaults:2)
  A freezing wraith (Vaults:3)
  A tengu conjurer (Vaults:3)
  A jumping spider (Spider:1)
  A redback (Spider:4)
  A spriggan (Swamp:2)
  A water elemental (Elf:2)
  4 orc warriors (Orc:2)
  2 ogres
  9 centaurs
  8 orcs (Orc:2)
  A kobold (D:8)
  14 fungi
  10 plants
  11 starspawn tentacles (Abyss:2)
  92 starspawn tentacle segments (Abyss:2)
172 creatures vanquished.

Grand Total: 1817 creatures vanquished

Notes
Turn   | Place    | Note
-------+----------+-------------------------------------------
     0 | D:1      | mrath the Minotaur Fighter began the quest for the Orb.
     0 | D:1      | Reached XP level 1. HP: 19/19 MP: 0/0
    83 | D:1      | Reached skill level 3 in Maces & Flails
   160 | D:1      | Reached XP level 2. HP: 26/26 MP: 1/1
   444 | D:1      | Reached skill level 4 in Maces & Flails
   775 | D:2      | Reached XP level 3. HP: 31/31 MP: 2/2
  1192 | D:2      | Reached skill level 5 in Maces & Flails
  1482 | D:2      | Reached XP level 4. HP: 37/39 MP: 3/3
  2032 | D:3      | Noticed Terence
  2038 | D:3      | Killed Terence
  2038 | D:3      | Reached skill level 6 in Maces & Flails
  2233 | D:3      | Reached XP level 5. HP: 43/45 MP: 4/4
  2297 | D:3      | Found a runed door.
  2297 | D:3      | Noticed a human
  2301 | D:3      | Found a basalt altar of Yredelemnul.
  2526 | D:3      | Reached skill level 7 in Maces & Flails
  2629 | D:4      | Found a glowing golden altar of the Shining One.
  2876 | D:4      | Noticed a black bear
  2897 | D:4      | HP: 2/45 [gnoll/halberd (12)]
  3586 | D:4      | Reached XP level 6. HP: 44/51 MP: 5/5
  3909 | D:5      | Entered Level 5 of the Dungeon
  3909 | D:5      | Noticed Eustachio
  3978 | D:5      | Reached skill level 8 in Maces & Flails
  4258 | D:5      | Noticed Menkaure
  4762 | D:5      | HP: 1/51 [white imp/puff of frost[Eustachio] (7)]
  5138 | D:4      | Reached skill level 1 in Dodging
  5138 | D:4      | Reached XP level 7. HP: 59/59 MP: 6/6
  5301 | D:5      | Killed Eustachio
  5445 | D:5      | Killed Menkaure
  5445 | D:5      | Reached skill level 9 in Maces & Flails
  5685 | D:6      | Reached skill level 5 in Fighting
  5685 | D:6      | Reached skill level 5 in Armour
  5685 | D:6      | Reached XP level 8. HP: 27/68 MP: 7/7
  5912 | D:6      | Found a staircase to the Ecumenical Temple.
  5926 | D:6      | Noticed Blork the orc
  5936 | D:6      | Killed Blork the orc
  5936 | D:6      | Reached skill level 5 in Shields
  5991 | Temple   | Entered the Ecumenical Temple
  6098 | Temple   | Became a worshipper of Warmaster Okawaru
  7103 | D:7      | Found an opulent altar of Gozag.
  7541 | D:8      | Found a deep blue altar of Sif Muna.
  7568 | D:8      | Reached * piety under Okawaru
  7604 | D:8      | Reached XP level 9. HP: 68/79 MP: 8/8
  7715 | D:8      | Found a bloodstained altar of Trog.
  7749 | D:8      | Found a staircase to the Lair.
  7951 | D:8      | Reached skill level 10 in Maces & Flails
  8087 | D:8      | Reached skill level 1 in Evocations
  8734 | Lair:1   | Entered Level 1 of the Lair of Beasts
  8978 | Lair:1   | Reached skill level 1 in Invocations
  9098 | Lair:1   | Noticed a spiny frog
  9109 | Lair:1   | Killed a spiny frog
  9109 | Lair:1   | Reached ** piety under Okawaru
  9109 | Lair:1   | Reached skill level 5 in Dodging
  9304 | Lair:1   | Noticed a black mamba
  9314 | Lair:1   | Killed a black mamba
  9362 | Lair:1   | Reached XP level 10. HP: 82/88 MP: 8/10
  9366 | Lair:1   | Reached *** piety under Okawaru
  9560 | Lair:1   | Got a slimy leather armour
  9757 | Lair:1   | Noticed a spiny frog
  9766 | Lair:1   | Killed a spiny frog
  9926 | Lair:1   | Reached **** piety under Okawaru
 10054 | Lair:2   | Noticed a spiny frog
 10064 | Lair:2   | Killed a spiny frog
 10070 | Lair:2   | Reached skill level 11 in Maces & Flails
 10117 | Lair:2   | Noticed a six-headed hydra
 10176 | Lair:1   | Killed a six-headed hydra
 10176 | Lair:1   | Reached ***** piety under Okawaru
 10392 | Lair:2   | Found a hole to the Spider Nest.
 10413 | Lair:2   | Reached XP level 11. HP: 81/97 MP: 13/13
 11377 | Lair:2   | Noticed a death yak
 11461 | Lair:2   | Killed a death yak
 11505 | Lair:2   | Reached skill level 5 in Invocations
 12035 | Lair:2   | Found a staircase to the Swamp.
 12987 | Lair:3   | Reached skill level 1 in Throwing
 13285 | Lair:3   | Received a gift from Okawaru
 14276 | Lair:4   | Noticed a five-headed hydra
 14426 | Lair:4   | Reached skill level 5 in Evocations
 14461 | Lair:4   | Reached skill level 10 in Fighting
 14492 | Lair:4   | Reached XP level 12. HP: 85/106 MP: 7/15
 14687 | Lair:3   | Killed a five-headed hydra
 14687 | Lair:3   | Received a gift from Okawaru
 14692 | Lair:3   | Got a transparent demon whip {god gift}
 14778 | Lair:4   | Identified the +2 demon whip "Pogub" {drain, rElec rPois Int+6 Dex+4 Stlth-} (Okawaru gifted it to you on level 3 of the Lair of Beasts)
 14820 | Lair:4   | Reached skill level 12 in Maces & Flails
 15243 | Lair:4   | Got a distressingly furry plate armour
 15254 | Lair:4   | Identified the +9 plate armour "Itasor" {*Contam rPois Str-3 SInv} (You found it on level 4 of the Lair of Beasts)
 15721 | Lair:5   | Reached skill level 10 in Armour
 15721 | Lair:5   | Reached skill level 10 in Shields
 15738 | Lair:5   | Received a gift from Okawaru
 15991 | Lair:5   | Noticed a five-headed hydra
 16002 | Lair:5   | Killed a five-headed hydra
 16085 | Lair:5   | Got a smoking long sword
 16344 | Lair:5   | Noticed a seven-headed hydra
 16355 | Lair:5   | Killed a seven-headed hydra
 16584 | Lair:5   | Noticed a death yak
 16585 | Lair:5   | Noticed a death yak
 16610 | Lair:5   | Killed a death yak
 16613 | Lair:5   | Noticed a death yak
 16616 | Lair:5   | Noticed a death yak
 16616 | Lair:5   | Noticed a death yak
 16619 | Lair:5   | Noticed a death yak
 16624 | Lair:5   | Killed a death yak
 16643 | Lair:5   | Killed a death yak
 16643 | Lair:5   | Reached XP level 13. HP: 111/115 MP: 12/17
 16926 | Lair:6   | Entered Level 6 of the Lair of Beasts
 16984 | Lair:6   | Reached skill level 5 in Throwing
 17287 | Lair:6   | Found a viscous altar of Jiyva.
 17288 | Lair:6   | Found a staircase to the Slime Pits.
 17331 | Lair:6   | Received a gift from Okawaru
 17671 | Lair:6   | Found a dark tunnel.
 17678 | Volcano  | Entered a volcano
 17918 | Volcano  | Paralysed by an orc sorcerer for 4 turns
 17967 | Volcano  | Found a radiant altar of Vehumet.
 18300 | Lair:6   | Received a gift from Okawaru
 18313 | Lair:6   | Reached skill level 13 in Maces & Flails
 18470 | Lair:4   | Received a gift from Okawaru
 18476 | Lair:4   | Got a warped cloak {god gift}
 18482 | Lair:4   | Identified the +2 cloak of Suvapiuf {rElec rN++ Int+2} (Okawaru gifted it to you on level 4 of the Lair of Beasts)
 19214 | Lair:6   | Got a steaming quarterstaff
 19218 | Lair:6   | Got a dazzling cloak
 19232 | Lair:6   | Identified the +3 cloak of the Blue Moon {MP+9} (You found it on level 6 of the Lair of Beasts)
 19308 | Lair:6   | Reached XP level 14. HP: 125/125 MP: 19/19
 19465 | Lair:2   | Gained mutation: Your flesh is heat resistant. (rF+) [potion of beneficial mutation]
 19466 | Lair:2   | Gained mutation: You have an increased reservoir of magic. (+10% MP) [potion of beneficial mutation]
 19640 | D:9      | Got a shimmering war axe
 20113 | D:9      | Found a staircase to the Orcish Mines.
 20424 | Orc:1    | Entered Level 1 of the Orcish Mines
 20769 | Orc:1    | Found Sogatott's Assorted Antiques.
 20935 | Orc:2    | Entered Level 2 of the Orcish Mines
 20936 | Orc:2    | Found a bloodstained altar of Trog.
 21038 | Orc:2    | Noticed an orc warlord
 21108 | Orc:2    | Killed an orc warlord
 21363 | Orc:1    | You fall through a shaft!
 21363 | Orc:2    | Found Lexzagg's Magic Scroll Emporium.
 21363 | Orc:2    | Found Pojum's Assorted Antiques.
 21363 | Orc:2    | Found Nutruemaywk's Antique Weapon Boutique.
 21570 | Orc:2    | Reached skill level 10 in Dodging
 22000 | Orc:2    | Found a shimmering altar of Xom.
 22104 | Orc:2    | Found Umua's Antique Armour Boutique.
 22104 | Orc:2    | Found a staircase to the Elven Halls.
 22236 | Orc:2    | Found Qeddaefoa's General Store.
 22255 | Orc:2    | Bought a scroll of identify for 26 gold pieces
 22255 | Orc:2    | Bought a scroll of identify for 26 gold pieces
 22257 | Orc:2    | Bought a scroll of identify for 28 gold pieces
 22257 | Orc:2    | Bought a scroll of teleportation for 42 gold pieces
 22262 | Orc:2    | Bought a crystal mace for 216 gold pieces
 22264 | Orc:2    | Identified the +5 mace "Viptat" {freeze, +Rage rPois Str+4 Dex+2} (You bought it in a shop on level 2 of the Orcish Mines)
 22330 | Orc:1    | Bought a twisted mace for 296 gold pieces
 22330 | Orc:1    | Identified the +8 mace "Giantslayer" {flame, Str+3} (You bought it in a shop on level 1 of the Orcish Mines)
 22426 | D:10     | Entered Level 10 of the Dungeon
 22512 | D:10     | Noticed Joseph
 22520 | D:10     | Killed Joseph
 22690 | D:10     | Found Matreget's Jewellery Emporium.
 23304 | D:11     | Found a portal to a secret trove of treasure.
 24032 | D:11     | Got a faintly humming plate armour
 24487 | Lair:2   | Identified the cursed +1 plate armour "Rigour" {Str+5} (You found it on level 11 of the Dungeon)
 24497 | Lair:2   | Upgraded the game from 0.19-a0-965-g50bf062 to 0.19-a0-975-gfff5315
 25029 | D:12     | Noticed Urug
 25053 | D:12     | Killed Urug
 25237 | D:12     | Received a gift from Okawaru
 25264 | D:12     | Found Niotoot's General Store.
 25269 | D:12     | Bought a +2 pair of gloves of strength for 365 gold pieces
 26006 | D:13     | Noticed Rupert
 26060 | D:13     | Found a gate to the Vaults.
 26064 | D:13     | Noticed Frances
 26089 | D:12     | Killed Rupert
 26089 | D:12     | Received a gift from Okawaru
 26089 | D:12     | Reached XP level 15. HP: 134/134 MP: 15/22
 26137 | D:12     | Killed Frances
 26166 | D:13     | Received a gift from Okawaru
 26167 | D:13     | Got a brightly glowing ring mail {god gift}
 26169 | D:13     | Reached skill level 14 in Maces & Flails
 26511 | D:13     | Noticed Azrael
 26599 | D:13     | Killed Azrael
 27838 | D:14     | Found a shadowy altar of Dithmenos.
 27900 | D:14     | Found Gaonn's Armour Shoppe.
 28513 | D:15     | Entered Level 15 of the Dungeon
 28555 | D:15     | Found a labyrinth entrance.
 28568 | Lab      | Entered a labyrinth
 28820 | Lab      | Got a steaming longbow
 28825 | Lab      | Identified the Compendium of Execration
 29515 | D:15     | Found a staircase to the Depths.
 29646 | D:15     | Received a gift from Okawaru
 29676 | D:15     | Received a gift from Okawaru
 29920 | D:15     | Reached ****** piety under Okawaru
 29920 | D:15     | Received a gift from Okawaru
 30789 | Swamp:1  | Entered Level 1 of the Swamp
 30964 | Swamp:1  | Received a gift from Okawaru
 31668 | Swamp:2  | Reached XP level 16. HP: 138/144 MP: 24/24
 31999 | Swamp:2  | Noticed Nikola
 32032 | Swamp:2  | Killed Nikola
 32442 | Swamp:2  | Reached skill level 15 in Maces & Flails
 33719 | Swamp:4  | Entered Level 4 of the Swamp
 33747 | Swamp:4  | Noticed tstbtto's ghost (adept MiFi)
 34231 | Swamp:4  | Got an encrusted whip
 34232 | Swamp:4  | Identified the +5 whip of Profit {slash, MR+ Str+2 SInv} (You found it on level 4 of the Swamp)
 35164 | Swamp:4  | Received a gift from Okawaru
 35176 | Swamp:4  | Got a decaying rune of Zot
 35424 | Swamp:4  | Received a gift from Okawaru
 35542 | Swamp:4  | Noticed a thorn hunter
 35559 | Swamp:4  | Killed a thorn hunter
 35559 | Swamp:4  | Reached skill level 10 in Evocations
 35659 | Swamp:4  | Got a steaming leather armour
 35971 | Swamp:4  | Killed tstbtto's ghost
 36206 | Lair:2   | Identified the +8 war axe of Zuesawk {drain, *Rage +Inv rN+ Dex+3} (You found it on level 9 of the Dungeon)
 36271 | Spider:1 | Entered Level 1 of the Spider Nest
 36390 | Spider:1 | Noticed Josephine
 36530 | Spider:1 | Killed Josephine
 36556 | Spider:1 | Reached XP level 17. HP: 145/154 MP: 26/26
 37106 | Spider:2 | Noticed Agnes
 37119 | Spider:2 | Killed Agnes
 37236 | Spider:2 | Noticed Arachne
 37250 | Spider:2 | Killed Arachne
 37434 | Spider:2 | Received a gift from Okawaru
 37531 | Spider:2 | Reached skill level 16 in Maces & Flails
 37991 | Spider:1 | Received a gift from Okawaru
 38074 | Spider:2 | Reached skill level 15 in Fighting
 38183 | Spider:2 | Identified Zycaop's Compendium of Toxic Combat Magic
 38894 | Spider:3 | Received a gift from Okawaru
 39305 | Spider:3 | Received a gift from Okawaru
 39855 | Spider:4 | Entered Level 4 of the Spider Nest
 40178 | Spider:4 | Received a gift from Okawaru
 40476 | Spider:4 | Reached skill level 15 in Armour
 40764 | Spider:4 | Received a gift from Okawaru
 40849 | Spider:4 | Reached skill level 15 in Shields
 40867 | Spider:4 | Reached XP level 18. HP: 131/163 MP: 27/27
 41640 | Spider:4 | Received a gift from Okawaru
 41841 | Spider:4 | Got a gossamer rune of Zot
 42247 | Elf:1    | Entered Level 1 of the Elven Halls
 42402 | Elf:1    | Noticed Roxanne
 42599 | Elf:1    | Noticed Louise
 42633 | Elf:1    | Killed Louise
 43861 | Elf:2    | Reached skill level 17 in Maces & Flails
 44135 | Elf:2    | Found a huge runed gate.
 44135 | Elf:2    | Found a huge runed gate.
 44135 | Elf:2    | Found a huge runed gate.
 44136 | Elf:2    | Found a huge runed gate.
 44137 | Elf:2    | Found a huge runed gate.
 44695 | Vaults:1 | Entered Level 1 of the Vaults
 44712 | Vaults:1 | Paralysed by an orc sorcerer for 2 turns
 44803 | Vaults:1 | Paralysed by a great orb of eyes for 2 turns
 44884 | Vaults:1 | Cast into level 2 of the Abyss (a wizard)
 45132 | Abyss:2  | Gained mutation: You are occasionally teleported next to monsters. [a neqoxec]
 45134 | Abyss:2  | Gained mutation: You occasionally shout uncontrollably at your foes. [a neqoxec]
 45135 | Abyss:2  | Gained mutation: You are clumsy. (Dex -2) [a neqoxec]
 45233 | Abyss:2  | Reached XP level 19. HP: 112/172 MP: 29/29
 45258 | Abyss:2  | Found a corrupted altar of Lugonu.
 45416 | Abyss:2  | Gained mutation: Your muscles are strong. (Str +2) [a cacodemon]
 45445 | Abyss:2  | Received a gift from Okawaru
 45484 | Vaults:1 | Escaped the Abyss
 45709 | Vaults:1 | Received a gift from Okawaru
 45849 | Vaults:1 | Noticed Asterion
 45871 | Vaults:1 | Killed Asterion
 46058 | Vaults:1 | Lost mutation: You are occasionally teleported next to monsters. [potion of cure mutation]
 46058 | Vaults:1 | Lost mutation: You are clumsy. (Dex -2) [potion of cure mutation]
 46058 | Vaults:1 | Lost mutation: You occasionally shout uncontrollably at your foes. [potion of cure mutation]
 46058 | Vaults:1 | Lost mutation: Your muscles are strong. (Str +2) [potion of cure mutation]
 46058 | Vaults:1 | Lost mutation: Your flesh is heat resistant. (rF+) [potion of cure mutation]
 46118 | Vaults:1 | Found Ynurghapp's General Store.
 46126 | Vaults:1 | Bought a scroll of teleportation for 39 gold pieces
 46126 | Vaults:1 | Bought a lamp of fire for 520 gold pieces
 46126 | Vaults:1 | Bought the +2 shield of Resistance {rF+ rC+ MR+} for 534 gold pieces
 47904 | Vaults:2 | Received a gift from Okawaru
 47922 | Vaults:2 | Reached skill level 10 in Throwing
 48285 | Vaults:2 | Received a gift from Okawaru
 48836 | Vaults:2 | Received a gift from Okawaru
 49156 | Vaults:2 | Reached skill level 15 in Dodging
 49228 | Vaults:2 | Noticed Saint Roka
 49253 | Vaults:2 | Killed Saint Roka
 49812 | Vaults:2 | Received a gift from Okawaru
 50067 | Vaults:2 | Reached XP level 20. HP: 124/182 MP: 23/31
 50080 | Vaults:2 | Received a gift from Okawaru
 50116 | Vaults:2 | Reached skill level 18 in Maces & Flails
 50342 | Vaults:2 | Found a staircase to the Crypt.
 50820 | Vaults:3 | Found Feaqec's Armour Emporium.
 50828 | Vaults:3 | Bought the +0 mask of the Dragon {MR+ Slay+3 SInv} for 734 gold pieces
 50872 | Vaults:3 | Received a gift from Okawaru
 51735 | Vaults:3 | Got a blackened hat
 51749 | Vaults:3 | Identified the cursed +0 hat "Mussel" {*Drain +Blink rF- Int+8} (You found it on level 3 of the Vaults)
 51758 | Vaults:3 | Found a radiant altar of Vehumet.
 52099 | Vaults:3 | Noticed Mennas
 52243 | Vaults:3 | HP: 9/184 [Mennas/eudemon blade of holy wrath (10)]
 52254 | Vaults:3 | HP: 9/184 [Mennas/eudemon blade of holy wrath (12)]
 52259 | Vaults:3 | Killed Mennas
 52259 | Vaults:3 | Received a gift from Okawaru
 52962 | Vaults:3 | Noticed Mara
 52967 | Vaults:3 | Noticed mrath's illusion
 53013 | Vaults:3 | Killed Mara
 53048 | Vaults:3 | Received a gift from Okawaru
 54305 | Vaults:4 | Noticed Boris
 54338 | Vaults:4 | Blown up by Boris

Vault maps used:
D:1:      dpeg_arrival_tiny_d, minmay_tetromino_t2
D:2:      kennysheep_big_flooded_room
D:3:      dk_yredelemnul_ordeal, uniq_terence
D:4:      grunt_decor_one_mirror, nicolae_tso_swordbearing_angel
D:5:      first_bread, grunt_ministairs_1, uniq_menkaure, uniq_eustachio
D:6:      uniq_blork_the_orc
D:7:      basic_altar
D:8:      lemuel_crystal_altar, lair_0_dummy, basic_altar
D:9:      kennysheep_blocky_room, erik_orc_1, lemuel_flamethrower_1
D:10:     serial_shops, shop, uniq_joseph
D:11:     nicolae_trove_entry_free_sample, hangedman_fish_farm
D:12:     lemuel_castle_with_subvaults, serial_shops, shop, uniq_urug
D:13:     david_vaults_3, uniq_azrael, uniq_frances
D:14:     serial_shops, shop_fountains, lemuel_crystal_altar
D:15:     gammafunk_enter_depths_forms, lab_entry_generic,
          minmay_misc_feat_secret_circle
Temple:   roderic_octagonal_lattice_temple
Lair:2:   minmay_swamp_entry_swarm, spider_nest_entry_webs, st_stairs_3,
          forest_entry_grove, lemuel_fruit_fields, serial_bayou_shore_b
Lair:5:   dpeg_oklob_1, infiniplex_staircase_pool
Lair:6:   evilmike_catoblepas_cave, dpeg_slime_entry_enclosed_altar,
          enter_volcano_3, small_statue_intersection, worms_lemuel
Swamp:1:  evilmike_swamp_ruin_house_5
Swamp:2:  serial_swamp_ruin, evilmike_swamp_ruin_house_3,
          evilmike_swamp_ruin_house_4, evilmike_swamp_ruin_house_1, swamp_pool5,
          uniq_nikola
Swamp:3:  hangedman_swamp_ruin_wall
Swamp:4:  swamp, nicolae_swamp_orc_logging_accident
Spider:1: uniq_josephine
Spider:2: zaba_antful_of_joy, nicolae_spider_cling_ruins, uniq_agnes,
          uniq_arachne
Spider:4: spider_rune_water
Orc:1:    serial_shops, shop
Orc:2:    st_orc_rangers, serial_shops, shop, basic_altar, bloody_trog
Elf:1:    eino_elf_arrival_the_gate, evilmike_minifort, uniq_louise,
          uniq_roxanne
Vaults:1: nicolae_vaults_gold_heap, st_octagons_1, v_pattern_3, v_misc_1,
          nicolae_vaults_twisting_passages, vaults_room_fancy_cross, v_misc_29,
          hangedman_vaults_variations, serial_shops, nicolae_shop_trees,
          uniq_asterion
Vaults:2: grunt_vaults_funnel, nicolae_vaults_network_star,
          nicolae_vaults_alarming, nicolae_vaults_triangles,
          ontoclasm_vaults_gateway, minmay_crypt_entry_simple_walls,
          vaults_mumra_minichess, vaults_mumra_chevron,
          nicolae_vaults_network_s, v_misc_14, vaults_room_grid,
          vaults_room_pools, nicolae_vaults_big_angled_halls, uniq_saint_roka
Vaults:3: vaults_mumra_hexcomb, vaults_mumra_hex, ontoclasm_vaults_ligature,
          vaults_room_ringed_pool, nicolae_vaults_little_squares_3,
          vaults_room_corners, v_misc_14, vaults_room_stairs_pillars, v_misc_23,
          vaults_dpeg_hooks, grunt_tower_of_power, ontoclasm_vaults_hangar,
          serial_shops, nicolae_shop_crystal, uniq_mennas, uniq_mara
Vaults:4: v_rooms_1, nicolae_vaults_border_crossing,
          hangedman_vaults_river_flow, v_alt_pattern_4,
          nicolae_vaults_halls_meeting, vaults_mumra_lcd,
          hangedman_vaults_corner, v_misc_15, v_misc_13, hangedman_vaults_trim,
          ontoclasm_vaults_decontamination, ontoclasm_vaults_shuriken,
          nicolae_vaults_little_squares_2, v_alt_pattern_4,
          nicolae_vaults_what_the_h, vaults_dpeg_cross, vaults_room_pools,
          uniq_boris
Lab:      nicolae_lab_dead_adventurers, nicolae_lab_grate, nicolae_lab_hexagon,
          nicolae_lab_big_swirl, labyrinth_glass_1, lab_hedge,
          nicolae_lab_diamond, labyrinth_skeletal_remains, nicolae_lab_lava,
          labyrinth_lava_lair, nicolae_lab_x
Volcano:  volcano_grotto

Skill      XL: |  1  2  3  4  5  6  7  8  9 10 11 12 13 14 15 16 17 18 19 20 |
---------------+-------------------------------------------------------------+-----
Maces & Flails | 3 4 5 6 7 8 9 10 11 12 13 14 15 16 17 18 | 18.3
Fighting       | 4 5 7 8 9 10 11 12 13 14 15 16 17 | 17.3
Armour         | 4 5 6 7 8 9 10 11 12 13 14 15 16 17 | 17.0
Dodging        | 1 3 4 5 6 7 8 9 10 11 12 13 14 15 | 15.7
Shields        | 4 6 7 8 9 10 11 12 13 14 15 16 17 | 17.1
Evocations     | 2 3 5 6 7 8 9 10 11 12 | 12.9
Invocations    | 2 4 5 7 8 |  8.9
Throwing       | 2 4 6 7 8 9 10 11 | 11.1

Action                   |  1- 3 |  4- 6 |  7- 9 | 10-12 | 13-15 | 16-18 | 19-21 || total
-------------------------+-------+-------+-------+-------+-------+-------+-------++-------
Melee: Flail             |   116 |   177 |   255 |   563 |       |       |       ||  1111
       Headbutt          |    10 |    34 |    57 |   227 |   496 |   624 |   413 ||  1861
       Demon whip        |       |       |       |   235 |   929 |       |       ||  1164
       Mace              |       |       |       |       |  1060 |  2020 |  1330 ||  4410
       Whip              |       |       |       |       |       |   315 |       ||   315
Throw: Stone             |     4 |    13 |     8 |    21 |       |       |       ||    46
       Javelin           |       |       |       |       |    22 |    85 |    15 ||   122
       Tomahawk          |       |       |       |       |       |       |     2 ||     2
Invok: Heroism           |       |       |     3 |    23 |    22 |    25 |    25 ||    98
       Finesse           |       |       |       |    10 |    12 |    10 |    17 ||    49
Evoke: Lamp of fire      |       |       |       |       |       |       |     1 ||     1
  Use: Scroll            |       |     4 |     2 |     6 |    21 |     9 |     6 ||    48
       Potion            |       |       |     1 |     1 |     2 |     4 |    11 ||    19
  Eat: Chunk             |     1 |     4 |    13 |    21 |    43 |    40 |    19 ||   141
       Bread ration      |       |     1 |       |       |     1 |     1 |     1 ||     4
       Fruit             |       |     3 |     1 |     3 |     1 |     2 |     1 ||    11
       Pizza             |       |       |     1 |       |     1 |     1 |     1 ||     4
       Royal jelly       |       |       |     1 |       |       |       |       ||     1
       Beef jerky        |       |       |       |       |       |       |     4 ||     4
Armor: Scale mail        |    76 |    42 |       |       |       |       |       ||   118
       Chain mail        |       |    27 |    30 |       |       |       |       ||    57
       Plate armour      |       |       |    24 |   219 |   379 |   765 |   270 ||  1657
Dodge: Dodged            |    39 |    39 |    42 |   188 |   467 |  1052 |   434 ||  2261
Block: Shield            |    80 |   111 |   170 |   617 |  1388 |  2172 |  1182 ||  5720
       Reflection        |       |     1 |     4 |    17 |   128 |    37 |    39 ||   226
